 Dungeon Crawl Stone Soup version 0.18-a0-822-gb52b7b4 (webtiles) character file.

2837 4thArraOfDagon the Chopper (level 9, -1/54 HPs)
             Began as a Gargoyle Artificer on Dec 16, 2015.
             Was a Priest of Qazlal.
             Slain by a wight
             ... wielding a cursed +0 great sword
              (14 damage)
             ... on level 8 of the Dungeon.
             The game lasted 00:19:51 (3951 turns).

4thArraOfDagon the Chopper (Gargoyle Artificer)     Turns: 3951, Time: 00:19:52

Health: -1/54      AC: 14    Str: 15    XL:     9   Next: 74%
Magic:  14/14      EV:  9    Int: 16    God:    Qazlal [***...]
Gold:   101        SH:  3    Dex: 10    Spells: 1 memorised, 4 levels left

rFire  . . .     SeeInvis .     A - +0 hand axe (holy)
rCold  . . .     Gourm    .     E - +0 scale mail
rNeg   + . .     Faith    .     (no shield)
rPois  ∞         Spirit   .     (no helmet)
rElec  +         Dismiss  .     (no cloak)
rCorr  .         Reflect  .     D - +0 pair of gloves (curse)
SustAt .         Harm     .     (no boots)
MR     .....                    (no amulet)
Stlth  ..........               (no ring)
                                t - +2 ring of slaying

@: not resistant to hostile enchantments, extremely unstealthy
A: negative energy resistance 1, electricity resistance, unbreathing,
petrification resistance, rot immunity, AC +5
a: Upheaval, Elemental Force, Renounce Religion


You were on level 8 of the Dungeon.
You worshipped Qazlal.
Qazlal was most pleased with you.
You were not hungry.

You visited 2 branches of the dungeon, and saw 9 of its levels.
You also visited: Ossuary.

You collected 236 gold pieces.
You spent 135 gold pieces at shops.

Inventory:

Hand Weapons
 A - a +0 hand axe of holy wrath (weapon)
Armour
 D - a cursed +0 pair of gloves (worn)
 E - a +0 scale mail (worn)
Jewellery
 t - a +2 ring of slaying (left hand)
Wands
 c - a wand of flame (0)
 d - a wand of enslavement (0)
 e - a wand of random effects (4)
Scrolls
 b - 4 scrolls of remove curse {unknown}
 g - 3 scrolls of noise {unknown}
 m - 3 scrolls of enchant armour {unknown}
 n - 2 scrolls of random uselessness {unknown}
 o - a scroll of recharging {unknown}
 r - 3 scrolls of amnesia {unknown}
 u - 3 scrolls of fog {unknown}
 w - a scroll of summoning {unknown}
 x - 4 scrolls of enchant weapon {unknown}
 y - 3 scrolls of teleportation {unknown}
 z - 3 scrolls of identify {unknown}
 F - 3 scrolls of immolation {unknown}
Potions
 a - 3 potions of curing {unknown}
 h - 4 potions of haste
 i - 2 potions of degeneration
 k - a potion of flight
 l - 3 potions of heal wounds
 q - 2 potions of poison {unknown}
 s - a potion of beneficial mutation {unknown}
 v - 2 potions of might {unknown}
 B - 2 potions of ambrosia {unknown}
 C - a potion of mutation {unknown}
Books
 G - the Papyrus of Spatial Boosts
   (You found it on level 7 of the Dungeon)

   Spells                             Type                      Level
   a - Passage of Golubria            Translocation                4
   b - Iskenderun's Battlesphere      Conjuration/Charms           5
   c - Phase Shift                    Translocation                5
   d - Haste                          Charms                       6
Comestibles
 f - 6 bread rations
 j - 2 meat rations
 p - 4 chunks of flesh


   Skills:
 - Level 5.2 Fighting
   Level 0.8 Short Blades
 * Level 7.3 Axes
 + Level 7.0 Armour
 - Level 1.5 Dodging
 - Level 1.1 Stealth
 + Level 6.8 Invocations
 - Level 2.6 Evocations


You had 4 spell levels left.
You knew the following spells:

 Your Spells              Type           Power        Failure   Level  Hunger
a - Passage of Golubria   Tloc           N/A          100%        4    #####..


Dungeon Overview and Level Annotations

Branches:
Dungeon (8/15)             Temple (1/1) D:7
   Lair: D:8-11

Altars:
Dithmenos
Gozag
Kikubaaqudgha
Nemelex Xobeh
Qazlal
Ru
Sif Muna
Vehumet
Xom

Shops:
D:7 [

Annotations:
D:5 Edmund
D:6 Duvessa


Innate Abilities, Weirdness & Mutations

You are resistant to torment.
Your stone body is resilient (AC +5).
You are immune to poison.
You resist negative energy.
You are resistant to electric shocks.
You can survive without breathing.
You are immune to petrification.
You are immune to rotting.


Message History

You closely miss the wight. The wight barely misses you.
You barely miss the wight. You hit the wight.
The wight convulses.
The wight is lightly damaged.
The wight hits you with a great sword.
* * * LOW HITPOINT WARNING * * *
You hit the wight.
The wight convulses.
The wight is moderately damaged.
The wight hits you with a great sword.
* * * LOW HITPOINT WARNING * * *
You are too injured to fight recklessly!
You barely miss the wight.
The wight is moderately damaged.
The wight completely misses you.
You hit the wight.
The wight convulses.
The wight is heavily damaged.
You closely miss the wight.
The wight is heavily damaged.
The wight hits you with a great sword!
You die...

.##.#..# .##.#..#
.##))†.# ##. .###...#
#### ..' . .# #...#
..####.##..
.####..#######.........
...)..>.............#
##############......# #
#.#@#..# # #.#z# .# #
#...# # ##... # ....
...... ...... ...#'###


You could see a wight.

Vanquished Creatures
  Pikel (D:4)
  2 phantoms
  An ice beast (D:6)
  An orc warrior (D:8)
  A black bear (D:7)
  An ogre (D:7)
  3 centaurs
  A gnoll sergeant (D:4)
  An elf zombie (Ossuary)
  2 giant frogs
  A wyvern skeleton (D:7)
  A water moccasin zombie (D:6)
  4 scorpions
  2 wights (D:8)
  2 centaur zombies (D:6)
  4 crimson imps
  2 giant frog zombies
  A jelly (D:5)
  A wasp zombie (D:6)
  An orc priest (D:8)
  A centaur skeleton (D:6)
  2 hounds
  4 giant frog skeletons (D:6)
  5 orc wizards
  An iguana (D:7)
  A worker ant (D:7)
  A big kobold zombie (Ossuary)
  A killer bee zombie (D:7)
  3 hound zombies
  4 mummies (Ossuary)
  A worker ant zombie (D:6)
  7 adders
  A shadow imp (D:7)
  An adder skeleton (D:6)
  An adder zombie (D:6)
  3 giant geckos
  16 orcs
  6 bats
  5 giant cockroaches
  6 goblins
  2 hobgoblins (D:1)
  6 jackals
  4 quokkas
  2 ball pythons
  A giant gecko zombie (D:4)
  5 giant newts
  A goblin zombie (Ossuary)
  4 kobolds
  2 quokka skeletons (D:8)
  5 quokka zombies
  8 rats
  2 withered plants (D:6)
145 creatures vanquished.

Vanquished Creatures (collateral kills)
  An iguana (D:5)
  A human zombie (Ossuary)
  A big kobold zombie (Ossuary)
  A hound zombie (Ossuary)
  A hound skeleton (D:5)
  A shadow imp (D:5)
  A worm (D:5)
  A quokka (D:5)
  A gnoll zombie (Ossuary)
  An orc zombie (Ossuary)
  2 rat zombies (Ossuary)
12 creatures vanquished.

Vanquished Creatures (others)
  Grinder (D:4)
  2 slaves (D:4)
  A hound (D:4)
  A worker ant (D:4)
  A mummy (D:5)
  A giant gecko (D:4)
  3 orcs
  A goblin zombie (Ossuary)
11 creatures vanquished.

Grand Total: 168 creatures vanquished

Notes
Turn   | Place    | Note
--------------------------------------------------------------
     0 | D:1      | 4thArraOfDagon the Gargoyle Artificer began the quest for the Orb.
     0 | D:1      | Reached XP level 1. HP: 12/12 MP: 2/2
    83 | D:1      | Reached XP level 2. HP: 12/17 MP: 4/4
   425 | D:2      | Reached skill level 3 in Fighting
   476 | D:2      | Reached XP level 3. HP: 19/23 MP: 5/5
   814 | D:3      | Reached skill level 1 in Armour
   877 | D:4      | Noticed a scorpion
   892 | D:4      | Killed a scorpion
   892 | D:4      | Reached skill level 4 in Fighting
   892 | D:4      | Reached XP level 4. HP: 9/29 MP: 6/6
   956 | D:4      | Found a shimmering altar of Xom.
  1175 | D:3      | Found a stormy altar of Qazlal.
  1177 | D:3      | STORMY
  1183 | D:3      | Became a worshipper of Qazlal Stormbringer
  1214 | D:4      | Found a radiant altar of Vehumet.
  1273 | D:5      | Entered Level 5 of the Dungeon
  1290 | D:5      | Reached XP level 5. HP: 34/34 MP: 7/7
  1310 | D:5      | Found a sand-covered staircase.
  1318 | Ossuary  | Entered an ossuary
  1475 | Ossuary  | Reached skill level 1 in Invocations
  1549 | Ossuary  | Reached skill level 5 in Fighting
  1549 | Ossuary  | Reached XP level 6. HP: 17/40 MP: 8/8
  1776 | D:5      | meh
  1812 | D:5      | Reached skill level 1 in Axes
  1892 | D:4      | Reached XP level 7. HP: 34/44 MP: 9/9
  2088 | D:4      | Noticed Grinder
  2090 | D:4      | Noticed Pikel
  2115 | D:4      | Reached * piety under Qazlal
  2127 | D:4      | Killed Grinder
  2146 | D:4      | Killed Pikel
  2197 | D:4      | Reached XP level 8. HP: 42/49 MP: 11/11
  2398 | D:5      | Reached skill level 5 in Armour
  2509 | D:5      | Found Ceecloi's Antique Weapon Emporium.
  2516 | D:5      | :D
  2596 | D:5      | Found an opulent altar of Gozag.
  2596 | D:5      | Noticed Edmund
  2726 | D:6      | Noticed Duvessa
  2752 | D:7      | Found a staircase to the Ecumenical Temple.
  2759 | Temple   | Entered the Ecumenical Temple
  2933 | D:7      | Reached skill level 5 in Axes
  2933 | D:7      | Reached skill level 5 in Invocations
  3051 | D:6      | Reached XP level 9. HP: 39/54 MP: 13/13
  3057 | D:7      | Reached ** piety under Qazlal
  3064 | D:7      | Reached skill level 6 in Armour
  3094 | D:7      | Found Doestruab's Antique Armour Boutique.
  3113 | D:7      | Bought a pair of embroidered gloves for 135 gold pieces
  3477 | D:7      | Found a shadowy altar of Dithmenos.
  3477 | D:7      | Found a sparkling altar of Nemelex Xobeh.
  3577 | D:7      | Identified the Papyrus of Spatial Boosts
  3592 | D:7      | Learned a level 4 spell: Passage of Golubria
  3825 | D:8      | Reached skill level 7 in Axes
  3910 | D:8      | Reached *** piety under Qazlal
  3951 | D:8      | Slain by a wight

Vault maps used:
D:1:      onia_arrival_larder
D:2:      first_bread
D:3:      nicolae_overflow_hidden_temple
D:4:      kennysheep_six_static_rooms, led_xom_imps, lemuel_statue_altar,
          uniq_grinder, uniq_pikel
D:5:      grunt_temple_overflow_gold_and_silver, serial_shops,
          nicolae_shop_crystal, gup_ossuary_entry_pyramid, uniq_edmund
D:6:      lemuel_coloured_pillars_altar, serial_undead, serial_undead_f,
          serial_undead_c, serial_undead_d, serial_undead_a, serial_undead_d,
          serial_undead_a, serial_undead_b, lightli_orcish_oven, uniq_duvessa
D:7:      gammafunk_temple_overflow_wave, minmay_temple_entry_statues_fountains,
          serial_shops, nicolae_shop_waterfront
D:8:      amethyst_overflow_temple_binary, grunt_temple_overflow_open
Temple:   circular_temple_pool_8
Ossuary:  ossuary_minmay_tomb_2a

Action                   |  1- 3 |  4- 6 |  7- 9 || total
-------------------------+-------+-------+-------++-------
Melee: Short sword       |    56 |       |       ||    56
       Spear             |   109 |   128 |       ||   237
       Hand axe          |       |    23 |   469 ||   492
Evoke: Wand              |     6 |    16 |    19 ||    41
  Use: Potion            |       |     5 |       ||     5
  Eat: Chunk             |       |     1 |     7 ||     8
       Fruit             |       |     2 |       ||     2
       Beef jerky        |       |     2 |       ||     2
